 Dungeon Crawl Stone Soup version 0.25.0-1-g7eea58d2a3 (webtiles) character file.

Game seed: 11939595509949325365

9260 Canard the Frost Mage (level 11, -17/72 HPs)
             Began as an Octopode Ice Elementalist on June 14, 2020.
             Was an Elder of Vehumet.
             Demolished by Snorg (29 damage)
             ... on level 10 of the Dungeon.
             The game lasted 00:54:12 (15838 turns).

Canard the Frost Mage (Octopode Ice Elementalist)  Turns: 15838, Time: 00:54:13

Health: -17/72     AC:  1    Str:  7    XL:     11   Next: 43%
Magic:  6/18       EV: 17    Int: 20    God:    Vehumet [****..]
Gold:   667        SH:  0    Dex: 14    Spells: 1/20 levels left

rFire    . . .     SeeInvis .   s - +0 falchion (vamp)
rCold    . . .     Gourm    .   (no shield)
rNeg     . . .     Faith    .   (helmet restricted)
rPois    .         Spirit   .   (no amulet)
rElec    .         Reflect  .   A - ring of attention (curse)
rCorr    .         Harm     .   (no ring)
MR       .....                  (no ring)
Stlth    ++++......             (no ring)
HPRegen  0.22/turn              (no ring)
MPRegen  0.16/turn              (no ring)
                                (no ring)
                                (no ring)

@: frozen ramparts
A: almost no armour, stealthy swim, amphibious, 8 rings, constrict 8, camouflage
1, gelatinous body 1
a: Renounce Religion


You were on level 10 of the Dungeon.
You worshipped Vehumet.
Vehumet was greatly pleased with you.
You were not hungry.

You visited 2 branches of the dungeon, and saw 11 of its levels.

You collected 667 gold pieces.

Inventory:

Hand Weapons
 a - a +2 whip of freezing
   (You took it off Pikel on level 4 of the Dungeon)
 k - a +4 quarterstaff of chaos
   (You took it off Crazy Yiuf on level 3 of the Dungeon)
 s - a +0 vampiric falchion (weapon)
   (You took it off an orc priest on level 6 of the Dungeon)
 y - a +1 vampiric trident
   (You took it off an orc on level 6 of the Dungeon)
 L - a +1 dagger of electrocution
   (You took it off an orc on level 9 of the Dungeon)
Missiles
 b - 119 arrows
 c - 35 bolts
 d - 257 stones (quivered)
 j - 8 boomerangs
 l - 17 poisoned darts
 r - 113 sling bullets
 z - 6 javelins
 G - 2 throwing nets
Jewellery
 A - a cursed ring of attention (left tentacle)
   (You found it on level 9 of the Dungeon)
Wands
 w - a wand of random effects (18)
   (You found it on level 7 of the Dungeon)
 H - a wand of polymorph (5)
   (You found it on level 9 of the Dungeon)
Scrolls
 e - 4 scrolls of remove curse {unknown}
 g - 6 scrolls of identify
 m - a scroll of immolation {unknown}
 n - 2 scrolls of teleportation {unknown}
 o - 2 scrolls of noise {unknown}
 p - 2 scrolls of fear {unknown}
 q - 2 scrolls of amnesia {unknown}
 v - 2 scrolls of enchant armour {unknown}
 B - 2 scrolls of blinking {unknown}
 C - a scroll of magic mapping {unknown}
 E - 2 scrolls of vulnerability {unknown}
 I - a scroll of summoning {unknown}
Potions
 h - 3 potions of mutation
 i - 2 potions of curing
 t - a potion of lignification
 u - 5 potions of magic
 x - a potion of brilliance
 D - a potion of heal wounds
 F - a potion of might
 K - a potion of degeneration {unknown}
Miscellaneous
 M - a lightning rod (4/4)
   (You found it on level 10 of the Dungeon)
Comestibles
 f - 14 rations


   Skills:
 - Level 6.0 Fighting
 + Level 7.5 Dodging
 - Level 9.0 Stealth
 - Level 5.0 Spellcasting
 * Level 4.6 Conjurations
 - Level 2.0 Charms
 - Level 5.0 Summonings
 + Level 10.9 Ice Magic


You had one spell level left.
You knew the following spells:

 Your Spells              Type           Power        Failure   Level  Hunger
a - Freeze                Ice            ####         1%          1    None
b - Frozen Ramparts       Ice            #####.       1%          3    ##.....
c - Ozocubu's Armour      Chrm/Ice       ####....     2%          3    ##.....
d - Summon Ice Beast      Ice/Summ       #####...     4%          4    ####...
e - Hailstorm             Conj/Ice       #####...     1%          4    ####...
f - Mephitic Cloud        Conj/Pois/Air  ##......     5%          3    ##.....
g - Summon Butterflies    Summ           ####....     1%          1    None

Your spell library contained the following spells:

 Spells                   Type           Power        Failure   Level  Hunger
 Iskenderun's Mystic Bla  Conj/Tloc      ##......     12%         4    ####...
 Summon Small Mammal      Summ           ####         1%          1    None
 Animate Skeleton         Necr           N/A          12%         1    None
 Apportation              Tloc           #.....       12%         1    None
 Corona                   Hex            #......      12%         1    None
 Confusing Touch          Hex            #.......     34%         3    ##.....
 Gell's Gravitas          Tloc           #.........   34%         3    ##.....
 Lesser Beckoning         Tloc           #.........   34%         3    ##.....
 Tukima's Dance           Hex            #.......     34%         3    ##.....
 Metabolic Englaciation   Hex/Ice        ####......   34%         5    #####..
 Yara's Violent Unravell  Hex/Tmut       #.........   58%         5    #####..
 Petrify                  Tmut/Erth      #.......     75%         4    ####...
 Alistair's Intoxication  Tmut/Pois      #.......     97%         5    #####..
 Invisibility             Hex            #.......     100%        6    #######


Dungeon Overview and Level Annotations

Branches:
Dungeon (10/15)            Temple (1/1) D:4            Lair (0/6) D:8
    Orc: D:9-12

Altars:
Ashenzari
Dithmenos
Elyvilon
Fedhas
Kikubaaqudgha
Okawaru
Qazlal
Ru
Trog
Uskayaw
Vehumet
Xom
Yredelemnul
Zin
Beogh

Shops:
D:7 [

Annotations:
D:10 Snorg


Innate Abilities, Weirdness & Mutations

You cannot wear most types of armour.
You are very stealthy in the water. (Stealth+)
You are amphibious.
You can wear up to eight rings at the same time.
You can use your tentacles to constrict eight enemies at once.
Your skin changes colour to match your surroundings (Stealth+).
Your rubbery body absorbs attacks. (AC +1, EV +1)


Message History

Snorg closely misses you. Snorg claws you!!
Huge Dmg: -29%(-21hp) hp: 71%(51hp)
You swap places.
The wall freezes Snorg.
Snorg bites your ice beast! Snorg claws your ice beast.
Snorg claws your ice beast!!
Your ice beast dies!
The wall freezes Snorg.
You see here 17 arrows.
Unknown command.
The wall freezes Snorg.
Snorg misses you. Snorg claws you!!
* * * LOW HITPOINT WARNING * * *
Snorg claws you!!
* * * LOW HITPOINT WARNING * * *
You see here a +0 club.
Huge Dmg: -56%(-40hp) hp: 17%(12hp) Unknown command.
Aiming: Polymorph
Press: ? - help, Shift-Dir - straight line, f - Snorg
Aim: Snorg (moderately wounded, berserk, chance to defeat MR: 15%) Snorg resists with almost no effort.
The wall freezes Snorg!
Snorg bites you!!
You die...

..##########
......).)T(#
..########@#
#.# #.# #.#
#.# #%# #.#
#.# ##.##


You could see Snorg (berserk).

Vanquished Creatures
  A hydra (D:8)
  Pikel (D:4)
  An ugly thing (D:6)
  Joseph (D:9)
  Maggie (D:9)
  A troll (D:9)
  Grinder (D:5)
  A dream sheep (D:8)
  A yak (D:8)
  2 wargs (D:8)
  Duvessa (D:6)
  5 orc warriors
  2 slaves (D:4)
  A sky beast (D:6)
  4 ogres
  4 centaurs
  2 big kobolds (D:8)
  5 bullfrogs
  Dowan (D:6)
  4 scorpions
  7 jellies
  A killer bee (D:5)
  3 howler monkeys
  2 crimson imps
  A centaur zombie (D:8)
  A quasit (D:5)
  A bullfrog skeleton (D:7)
  2 bullfrog zombies
  Crazy Yiuf (D:3)
  11 orc priests
  5 hounds
  11 orc wizards
  An iguana (D:6)
  19 worker ants
  2 hound skeletons
  A hound zombie (D:7)
  A worker ant zombie (D:8)
  3 gnolls (D:9)
  A howler monkey skeleton (D:6)
  14 adders
  3 shadow imps
  An adder zombie (D:6)
  A worm (D:3)
  2 dart slugs
  3 leopard geckos
  55 orcs
  6 giant cockroaches
  12 goblins
  8 hobgoblins
  16 jackals
  8 kobolds
  9 quokkas
  2 ball pythons
  8 bats
  5 frilled lizards
  A quokka skeleton (D:5)
  7 rats
  2 butterflies (D:5)
277 creatures vanquished.

Vanquished Creatures (collateral kills)
  Harold (D:9)
  Erica (D:9)
  A dream sheep (D:8)
  A yak (D:8)
  2 hungry ghosts
  Menkaure (D:7)
  A warg (D:8)
  A water moccasin (D:9)
  4 ice beasts
  2 phantoms
  A big kobold (D:8)
  A wyvern skeleton (D:6)
  3 wights (D:6)
  A jelly (D:7)
  A hound (D:9)
  A hound zombie (D:6)
  A hound skeleton (D:7)
  A gnoll (D:9)
  An ooze (D:7)
  A leopard gecko (D:7)
  2 orcs (D:7)
29 creatures vanquished.

Vanquished Creatures (others)
  A frilled lizard (D:4)
  A plant (D:8)
2 creatures vanquished.

Grand Total: 308 creatures vanquished

Notes
Turn   | Place    | Note
-------+----------+-------------------------------------------
     0 | D:1      | Canard the Octopode Ice Elementalist began the quest for
                  | the Orb.
     0 | D:1      | Reached XP level 1. HP: 11/11 MP: 3/3
   281 | D:1      | Reached XP level 2. HP: 17/17 MP: 5/5
  1575 | D:2      | Reached XP level 3. HP: 15/21 MP: 4/6
  1599 | D:2      | Learned a level 3 spell: Frozen Ramparts
  2125 | D:2      | Reached skill level 5 in Ice Magic
  2125 | D:2      | Reached XP level 4. HP: 26/27 MP: 3/7
  2300 | D:2      | Learned a level 3 spell: Ozocubu's Armour
  2673 | D:3      | Reached XP level 5. HP: 31/31 MP: 4/8
  3078 | D:3      | Reached skill level 6 in Ice Magic
  3823 | D:3      | Found a runed translucent door.
  3824 | D:3      | Noticed Crazy Yiuf
  3833 | D:3      | Killed Crazy Yiuf
  3833 | D:3      | Reached XP level 6. HP: 26/36 MP: 5/9
  4133 | D:4      | Reached skill level 7 in Ice Magic
  4366 | D:4      | Noticed a slave
  4366 | D:4      | Noticed a slave
  4367 | D:4      | Noticed Pikel
  4367 | D:4      | Noticed a slave
  4367 | D:4      | Noticed a slave
  4375 | D:4      | Killed a slave
  4379 | D:4      | Killed a slave
  4442 | D:4      | Killed Pikel
  4442 | D:4      | Reached skill level 8 in Ice Magic
  4442 | D:4      | Reached XP level 7. HP: 25/45 MP: 0/11
  4452 | D:4      | Learned a level 4 spell: Summon Ice Beast
  4909 | D:4      | Reached skill level 1 in Summonings
  4919 | D:4      | Reached XP level 8. HP: 45/51 MP: 6/12
  5047 | D:4      | Found a staircase to the Ecumenical Temple.
  5063 | Temple   | Entered the Ecumenical Temple
  5092 | Temple   | Became a worshipper of Vehumet
  5510 | D:5      | Entered Level 5 of the Dungeon
  5631 | D:5      | Found an iron altar of Okawaru.
  6481 | D:5      | Reached skill level 5 in Stealth
  6520 | D:5      | Noticed Grinder
  6521 | D:5      | Found a runed translucent door.
  6525 | D:5      | Paralysed by Grinder for 5 turns
  6542 | D:5      | Killed Grinder
  6548 | D:5      | Found a runed translucent door.
  6821 | D:5      | Reached * piety under Vehumet
  6821 | D:5      | Offered knowledge of Shock by Vehumet.
  6830 | D:5      | Reached XP level 9. HP: 56/56 MP: 9/13
  7265 | D:6      | Reached skill level 9 in Ice Magic
  7497 | D:6      | Reached skill level 5 in Dodging
  8231 | D:6      | Offered knowledge of Sandblast by Vehumet.
  8299 | D:6      | Reached ** piety under Vehumet
  8452 | D:6      | Noticed Duvessa
  8452 | D:6      | Noticed Dowan
  8482 | D:6      | Killed Duvessa
  8485 | D:6      | Noticed a purple ugly thing
  8492 | D:6      | Killed Dowan
  8505 | D:6      | Killed a purple ugly thing
  9238 | D:7      | Found Ylasid's Antique Armour Emporium.
  9245 | D:7      | Reached XP level 10. HP: 63/63 MP: 11/16
  9378 | D:7      | Offered knowledge of Searing Ray by Vehumet.
  9462 | D:7      | Reached skill level 10 in Ice Magic
  9577 | D:7      | Reached *** piety under Vehumet
  9652 | D:7      | Learned a level 4 spell: Hailstorm
  9917 | D:7      | Noticed Menkaure
 10296 | D:7      | Found a shadowy altar of Dithmenos.
 10296 | D:7      | Found a white marble altar of Elyvilon.
 10371 | D:7      | Found a basalt altar of Yredelemnul.
 10373 | D:7      | Found a bloodstained altar of Trog.
 10375 | D:7      | Found an ancient bone altar of Kikubaaqudgha.
 10831 | D:7      | Killed Menkaure
 11743 | D:8      | Offered knowledge of Mephitic Cloud by Vehumet.
 12127 | D:8      | Noticed a three-headed hydra
 12142 | D:8      | Killed a three-headed hydra
 12142 | D:8      | Reached skill level 5 in Fighting
 12142 | D:8      | Reached skill level 5 in Spellcasting
 12341 | D:8      | Reached skill level 5 in Summonings
 12500 | D:8      | Learned a level 3 spell: Mephitic Cloud
 12527 | D:8      | Found a staircase to the Lair.
 12547 | D:8      | Learned a level 1 spell: Summon Butterflies
 12569 | D:8      | Reached skill level 1 in Conjurations
 12649 | D:8      | Reached **** piety under Vehumet
 12930 | D:8      | Reached XP level 11. HP: 51/72 MP: 15/18
 13285 | D:9      | Noticed Joseph
 13507 | D:9      | Noticed Harold
 13719 | D:9      | Killed Harold
 13917 | D:9      | Offered knowledge of Iskenderun's Mystic Blast by Vehumet.
 14326 | D:9      | Noticed Erica
 14334 | D:9      | Killed Erica
 14673 | D:9      | Noticed Maggie
 14966 | D:9      | Killed Joseph
 15249 | D:9      | Killed Maggie
 15367 | D:9      | Found a roughly hewn altar of Beogh.
 15745 | D:10     | Entered Level 10 of the Dungeon
 15827 | D:10     | Noticed Snorg
 15838 | D:10     | Demolished by Snorg

Illustrated notes

Levels and vault maps discovered:
D:1:      heliophobic_arrival_dark_side_of_the_moon, layout_basic
D:2:      layout_basic, first_ration
D:3:      layout_basic, serial_bayou, serial_bayou_pond_a,
          serial_bayou_lagoon_b, serial_bayou_shore_a, serial_bayou_ford_a,
          grunt_ministairs_13, uniq_crazy_yiuf_cottage
D:4:      layout_loops_ring, minmay_temple_entry_offerings, uniq_pikel
D:5:      lemuel_insect_pit, layout_gridville, kennysheep_okawaru_gauntlet,
          uniq_grinder
D:6:      layout_basic, uniq_duvessa
D:7:      layout_rooms, chequers_temple_overflow_minitemple, serial_shops, shop,
          zaba_anthole, minivault_25, uniq_menkaure
D:8:      layout_basic, erik_lair_orcish_takeover, hangedman_ranch
          [blue_anna_fruit_fields]
D:9:      layout_rooms, special_room [special_room_orc], uniq_joseph,
          uniq_maggie, uniq_erica, uniq_harold
D:10:     layout_loops_ring, zombieorc1_lemuel, uniq_maurice, uniq_nergalle,
          uniq_snorg
Temple:   eino_temple_rhombus

Skill      XL: |  1  2  3  4  5  6  7  8  9 10 11 |
---------------+----------------------------------+-----
Stealth        | 3 4 6 7 9 |  9.0
Ice Magic      | 5 6 8 9 10 | 10.9
Fighting       | 2 3 4 5 6 |  6.0
Charms         | 2 |  2.0
Spellcasting   | 3 4 5 |  5.0
Summonings     | 1 4 5 |  5.0
Dodging        | 3 6 7 |  7.5
Conjurations   | 1 4 |  4.6

Action                   |  1- 3 |  4- 6 |  7- 9 | 10-12 || total
-------------------------+-------+-------+-------+-------++-------
Melee: Unarmed           |    46 |    36 |       |       ||    82
       Constrict         |    17 |    15 |    19 |    32 ||    83
       Tentacles         |     3 |     8 |    12 |    37 ||    60
       Quarterstaff      |       |     8 |       |       ||     8
       Whip              |       |       |    61 |       ||    61
       Falchion          |       |       |     5 |   128 ||   133
Throw: Stone             |       |     2 |       |     1 ||     3
 Cast: Freeze            |    31 |    23 |    37 |     7 ||    98
       Frozen Ramparts   |     1 |    22 |    50 |    58 ||   131
       Ozocubu's Armour  |       |       |     8 |     6 ||    14
       Summon Ice Beast  |       |       |    11 |    50 ||    61
       Hailstorm         |       |       |       |    14 ||    14
       Mephitic Cloud    |       |       |       |     1 ||     1
Evoke: Wand              |       |       |       |     1 ||     1
  Use: Potion            |       |     1 |       |       ||     1
       Scroll            |       |       |     5 |     1 ||     6
 Stab: Sleeping          |     7 |     4 |     3 |     9 ||    23
       Distracted        |     1 |       |       |     1 ||     2
       Confused          |       |       |       |     1 ||     1
  Eat: Chunk             |     4 |     7 |    18 |    24 ||    53
       Ration            |       |     1 |     1 |     3 ||     5
Armor: Skin              |    10 |     1 |     6 |     7 ||    24
Dodge: Dodged            |    47 |    47 |    70 |   152 ||   316
       Rpst.: Falchion   |       |       |     1 |    28 ||    29
